 Dungeon Crawl Stone Soup version 0.28-a0-422-gd71735cc25 (webtiles) character file.

Game seed: 8618797375665350316

21 avis the Digger (level 2, -1/23 HPs)
             Began as a Hill Orc Earth Elementalist on Sept 9, 2021.
             Succumbed to a scorpion's poison
             ... on level 1 of the Dungeon.
             The game lasted 00:05:34 (953 turns).

avis the Digger (Hill Orc Earth Elementalist)        Turns: 953, Time: 00:05:36

Health: -1/23      AC:  2    Str: 10    XL:     2   Next: 87%
Magic:  1/4        EV: 12    Int: 15    God:
Gold:   74         SH:  0    Dex: 11    Spells: 3/4 levels left

rFire   . . .      SeeInvis .   i - +2 spear (pain)
rCold   . . .      Faith    .   (no shield)
rNeg    . . .      Spirit   .   b - +0 robe
rPois   .          Reflect  .   (no helmet)
rElec   .          Harm     .   (no cloak)
rCorr   .          Rampage  .   (no gloves)
Will    .....                   (no boots)
Stlth   ++........              (no amulet)
HPRegen 0.07/turn               (no ring)
MPRegen 0.09/turn               (no ring)

@: lethally poisoned (-1 -> -15), very slightly contaminated
A: no striking features
a: no special abilities


You were on level 1 of the Dungeon.
You visited 1 branch of the dungeon, and saw 2 of its levels.

You collected 74 gold pieces.

Inventory:

Hand Weapons
 g - a +0 club
 i - a +2 spear of pain (weapon)
Missiles
 c - 57 stones
 e - 13 poisoned darts (quivered)
 h - 19 arrows
Armour
 b - a +0 robe (worn)
Scrolls
 f - 3 scrolls of enchant weapon {unknown}
 j - a scroll of teleportation {unknown}
 m - a scroll of blinking {unknown}
Potions
 a - a potion of flight {unknown}
 d - 2 potions of berserk rage {unknown}
 k - a potion of resistance {unknown}
 l - a potion of heal wounds {unknown}


   Skills:
 * Level 1.3 Fighting
 + Level 1.7 Dodging
 + Level 1.5 Stealth
 + Level 1.8 Spellcasting
 + Level 0.8 Transmutations
 + Level 3.3 Earth Magic


You had 3 spell levels left.
You knew the following spells:

 Your Spells              Type           Power      Damage    Failure   Level
a - Sandblast             Erth           22%        2d7       6%          1

Your spell library contained the following spells:

 Spells                   Type           Power      Damage    Failure   Level
 Passwall                 Tmut/Erth      5%         N/A       14%         2
 Stone Arrow              Conj/Erth      12%        3d7       34%         3
 Petrify                  Tmut/Erth      7%         N/A       67%         4


Dungeon Overview and Level Annotations

Branches:
Dungeon (2/15)

Altars:


Message History

There is a stone staircase leading up here.
You climb upwards.
There is a stone staircase leading down here.
There is a stone staircase leading down here.
You climb downwards.
The scorpion stings you. The scorpion stings you!
Found two stone staircases leading down.
There is a stone staircase leading up, spattered with blood here.
The bat completely misses you. The scorpion misses you.
You climb upwards.
There is a stone staircase leading down here.
Casting: Sandblast (safe; 6% risk of failure)
Confirm with . or Enter, or press ? or * to list all spells.
Aiming: Sandblast (safe; 6% risk of failure)
Press: ? - help, Shift-Dir - straight line, f - scorpion
Aim: a scorpion (79% to hit)
The blast of sand hits the scorpion but does no damage.
c - 58 stones The scorpion stings you!
* * * LOW HITPOINT WARNING * * *
Casting: Sandblast (safe; 6% risk of failure)
Confirm with . or Enter, or press ? or * to list all spells.
Aiming: Sandblast (safe; 6% risk of failure)
Press: ? - help, Shift-Dir - straight line, f/p - scorpion
Aim: a scorpion (79% to hit)
The blast of sand hits the scorpion.
The scorpion is moderately wounded.
c - 57 stones The scorpion stings you.
* * * LOW HITPOINT WARNING * * *
You are lethally poisoned!
The scorpion poisons you!
Casting: Sandblast (safe; 6% risk of failure)
Confirm with . or Enter, or press ? or * to list all spells.
Aiming: Sandblast (safe; 6% risk of failure)
Press: ? - help, Shift-Dir - straight line, f/p - scorpion
Aim: a scorpion (moderately wounded, 79% to hit)
You miscast Sandblast.
You are very lightly contaminated with residual magic.
Nothing appears to happen.
You die...

###........................#
.....).##...###.#.#.#.#.#########
###...###.)......................
###........##.#.#.#...#.#######.#
......###.............#.# #.#
.##.#.###....##..##.###.#######.#
...........###8..8#...........#.#
###.#.###................^......#
# #.#.######....@s...##.#########
# #.#........#8..8#.....#
###.#.....#####..##....รท#
.##.#.....##....#######.#
.##.#.....##....#.......####
..#.#.....##....#.#........#
#.#.#.....##....#.#####.##.#
#...#.....##....#.....#.##.#
##..#.....##............##.#


You could see a scorpion.

Vanquished Creatures
  3 ball pythons (D:1)
  A bat (D:1)
  2 endoplasms (D:1)
  5 goblins (D:1)
  3 hobgoblins (D:1)
  3 kobolds (D:1)
17 creatures vanquished.

Notes
Turn   | Place    | Note
-------+----------+-------------------------------------------
     0 | D:1      | avis the Hill Orc Earth Elementalist began the quest for
                  | the Orb.
     0 | D:1      | Reached XP level 1. HP: 14/14 MP: 3/3
   239 | D:1      | Reached XP level 2. HP: 20/22 MP: 0/4
   344 | D:1      | Reached skill level 1 in Fighting
   863 | D:2      | Noticed a phantom
   948 | D:2      | Noticed a scorpion
   953 | D:1      | Succumbed to a scorpion's poison

Illustrated notes

Levels and vault maps discovered:
D:1:      lemuel_arrival_cross, layout_basic, roderic_st_hans_cross, st_stairs_6
D:2:      layout_rooms, lightli_corner_chamber

Skill      XL: |  1  2 |
---------------+-------+-----
Fighting       | 1 |  1.3
Dodging        | |  1.7
Stealth        | |  1.5
Spellcasting   | |  1.8
Transmutations | |  0.8
Earth Magic    | |  3.3

Action                   || total
-------------------------++-------
Melee: Spear             ||    12
 Cast: Sandblast         ||    19
Armor: Robe              ||     2
Dodge: Dodged            ||    10

Table legend: (Time is in decaauts)
 A = Elapsed time spent in this place.
 B = Non-inter-level travel time spent in this place.
 C = Inter-level travel time spent in this place.
 D = Time resting spent in this place.
 E = Time spent auto-exploring this place.
 F = Levels seen in this place.
 G = Mean time per level.
                   A        B        C        D        E       F      G
               +--------+--------+--------+--------+--------+-----+--------+
         Total |    955 |    869 |     86 |     78 |    574 |   2 |  477.5 |
       Dungeon |    955 |    869 |     86 |     78 |    574 |   2 |  477.5 |
               +--------+--------+--------+--------+--------+-----+--------+

Top non-repeatable levels by time:
     D:1: 942 daAuts
     D:2: 12 daAuts
